AoeStats
← HairyRalph

Arena

506432308Analyzed
1v1 RM · 20d ago on Sep 13, 2026· 46m 35s· 2 players
Game mode
Random Map
Map size
Tiny (2 player)
Population
200
Speed
Normal
Resources
Standard
Victory
Conquest
Starting age
Dark Age
Ending age
Imperial Age
RankedLock teamsTeams togetherTeam positionsShared explorationLock speedFull tech treeHidden civsTurbo modeCheats
Victory
Defeat
🇺🇸 Bohemians · United States
350
+14
🇺🇸 Mongols · United States
306
-14
jmc03100
10:07 Feudal Age
11:46 Double-Bit Axe
15:12 Horse Collar
18:47 Castle Age
18:47 Scale Barding Armor
18:53 Forging
21:09 Bloodlines
21:00 Husbandry
24:01 Heavy Plow
24:13 Bow Saw
24:33 Fervor
29:08 Murder Holes
29:34 Ballistics
30:50 Light Cavalry
36:05 Imperial Age
33:56 Gold Mining
37:25 Hoardings
37:35 Cavalier
37:59 Cavalier
38:06 Cavalier
40:36 Chain Barding Armor
40:51 Iron Casting
42:54 Fletching
HairyRalph
5:38 Loom
11:18 Feudal Age
12:40 Double-Bit Axe
13:38 Wheelbarrow
12:49 Horse Collar
20:45 Castle Age
19:59 Forging
20:56 Pikeman
24:28 Bow Saw
27:18 Hand Cart
33:01 Imperial Age
33:12 Halberdier
35:44 Ballistics
36:26 Chemistry
41:11 Iron Casting
40:37 Scale Mail Armor
42:20 Elite Hussite Wagon
Connection lost

Rejoining the realm…

Still unreachable

The connection could not be restored.

Session expired

The server has moved on; the page needs a fresh start.